Panthers vs Bruins

Created - 23 décembre 2020 at 09:46

Goals
1 2 3 T
Panthers 0 0 1 1
Bruins 0 2 1 3
Shots
1 2 3 T
Panthers 7 9 12 28
Bruins 9 17 11 37

1st period

No Goal

Penalties :
No Penalty

2nd period

1. Bruins , Sean Monahan 9 (Anthony Mantha 10) at 6:17 (PP)
2. Bruins , Ryan Johansen 7 (Seth Jones 12) at 9:21

Penalties :
Marcus Foligno (FLA) for Cross-checking (Minor) at 6:13

3rd period

3. Bruins , Anthony Beauvillier 7 (Ryan Johansen 5, Juuse Saros) at 7:44
4. Panthers , Vincent Trocheck 7 (Rocco Grimaldi 4, Jacob de La Rose 5) at 19:38

Penalties :
No Penalty

Goalie Stats

Pekka Rinne (FLA), 34 saves from 37 shots - (0,919), L, 6-5-4, 60:00 minutes
Juuse Saros (BOS), 27 saves from 28 shots - (0,964), W, 7-1-0, 60:00 minutes

Players Stats for Panthers

Player Name              G  A  P  +/- PIM S  H  SB GA TA FO     MP     PP MP  PK MP  
------------------------------------------------------------------------------------
Aleksi Saarela           0  0  0  -1  0   0  0  0  0  0  0/0     2:15   0:00   0:00 
Garnet Hathaway          0  0  0  -1  0   0  1  1  0  0  0/0    15:37   0:00   0:00 
Greg Pateryn             0  0  0  -1  0   1  0  3  0  1  0/0    18:40   0:00   0:00 
Jacob de La Rose         0  1  1   0  0   0  0  0  0  0  0/0     8:19   0:00   0:00 
Jamie Oleksiak           0  0  0   1  0   1  0  2  0  1  0/0    14:31   0:00   0:00 
Jonas Siegenthaler       0  0  0  -1  0   0  0  5  1  0  0/0    18:40   0:00   0:00 
Josh Archibald           0  0  0   0  0   2  2  1  0  0  0/0    17:55   0:00   0:00 
Josh Norris              0  0  0  -1  0   2  1  1  0  0  3/5    15:45   0:00   0:00 
Marcus Foligno           0  0  0   0  2   2  4  0  0  0  0/1    17:58   0:00   0:00 
Mats Zuccarello          0  0  0   0  0   3  3  0  1  0  0/0    17:51   0:00   0:00 
Matt Moulson             0  0  0  -1  0   1  3  0  0  1  0/0    15:40   0:00   0:00 
Nikita Gusev             0  0  0   0  0   4  0  1  0  0  1/1    18:23   0:00   0:00 
Patrik Nemeth            0  0  0  -1  0   1  2  1  0  0  0/0    25:34   0:00   0:04 
Rocco Grimaldi           0  1  1   0  0   2  0  0  0  0  0/3     8:15   0:00   0:00 
Travis Zajac             0  0  0   0  0   1  2  3  0  0  6/15   18:02   0:00   0:04 
Trevor Daley             0  0  0   1  0   0  1  0  0  2  0/0    15:01   0:00   0:00 
Tyson Barrie             0  0  0  -1  0   3  1  0  1  0  0/0    25:30   0:00   0:04 
Vincent Trocheck         1  0  1   1  0   5  2  1  0  2  17/32  24:06   0:00   0:04 

Players Stats for Bruins

Player Name              G  A  P  +/- PIM S  H  SB GA TA FO     MP     PP MP  PK MP  
------------------------------------------------------------------------------------
Anthony Beauvillier      1  0  1   0  0   3  1  0  1  0  0/0    17:31   0:00   0:00 
Anthony Mantha           0  1  1   0  0   1  3  1  1  0  0/1    20:01   0:04   0:00 
Brady Tkachuk            0  0  0   0  0   5  2  0  0  0  1/3    19:57   0:00   0:00 
Cam Fowler               0  0  0   0  0   0  0  2  0  1  0/0    22:38   0:00   0:00 
Casey Cizikas            0  0  0   1  0   3  2  0  0  0  2/4    12:31   0:00   0:00 
Connor Murphy            0  0  0   1  0   0  1  0  0  0  0/0    18:39   0:00   0:00 
Ethan Bear               0  0  0   0  0   0  0  3  0  0  0/0    18:43   0:04   0:00 
Ilya Mikheyev            0  0  0   1  0   1  0  0  1  0  0/0    12:31   0:00   0:00 
Jakob Chychrun           0  0  0   1  0   2  0  1  0  1  0/0    18:44   0:00   0:00 
Joel Edmundson           0  0  0   0  0   0  4  0  1  0  0/0    18:29   0:00   0:00 
Lawson Crouse            0  0  0   1  0   6  3  0  1  0  0/0    12:31   0:00   0:00 
Luke Glendening          0  0  0   0  0   1  1  1  0  0  4/5     9:57   0:00   0:00 
Nolan Patrick            0  0  0   0  0   2  0  0  1  0  0/0     9:57   0:00   0:00 
Pat Maroon               0  0  0   0  0   1  0  0  1  0  0/1     9:57   0:00   0:00 
Paul Stastny             0  0  0   0  0   3  2  1  0  0  9/17   17:31   0:00   0:00 
Ryan Johansen            1  1  2   0  0   3  0  0  0  0  0/0    17:35   0:04   0:00 
Sean Monahan             1  0  1   0  0   5  1  1  0  0  14/26  20:01   0:04   0:00 
Seth Jones               0  1  1   0  0   1  2  0  0  1  0/0    22:47   0:04   0:00 

3 Stars

1 - Juuse Saros (BOS)
2 - Ryan Johansen (BOS)
3 - Sean Monahan (BOS)

Power Play

Panthers - 0 on 0 Attempt(s) - 0,00%
Bruins - 1 on 1 Attempt(s) - 100,00%

Penalty Kill

Panthers - 0 on 1 Attempt(s) - 0,00% - Score 0 goal in Penalty Kill
Bruins - 0 on 0 Attempt(s) - 0,00% - Score 0 goal in Penalty Kill

Team Stat

Panthers - Hits : 22 - Faceoff Wins : 27 - Blocked Shots : 19 - Penalty Minutes : 2
Bruins - Hits : 22 - Faceoff Wins : 30 - Blocked Shots : 10 - Penalty Minutes : 0

Official

Referees : Dave Lewis and Mike Sheehan
Linesman : David Brisebois and Travis Gawryletz

Game Notes

No Game Note

Finance

Level 1 -- Attendance: 4958 (82,63%) -- Ticket Income 495 800 $
Level 2 -- Attendance: 4325 (86,50%) -- Ticket Income 259 500 $
Level 3 -- Attendance: 2000 (100,00%) -- Ticket Income 70 000 $
Level 4 -- Attendance: 3795 (94,88%) -- Ticket Income 75 900 $
Luxury Box -- Attendance: 782 (78,20%) -- Ticket Income 156 400 $
Game was played at the Boston Garden.
Total Attendance: 15860 (88,11%)
Total Ticket Income: 1 057 600 $
Other Income: 518 224 $
Total Income: 1 575 824 $

Panthers

5 vs 5 Forward 
   Center                   Left Wing                Right Wing               Time % Phy DF OF 
 1 Vincent Trocheck         Mats Zuccarello          Nikita Gusev             40     1   2  2  
 2 Travis Zajac             Marcus Foligno           Josh Archibald           30     1   2  2  
 3 Josh Norris              Matt Moulson             Garnet Hathaway          20     1   2  2  
 4 Rocco Grimaldi           Jacob de La Rose         Vincent Trocheck         10     1   2  2  

5 vs 5 Defense 
   Defense                  Defense                                           Time % Phy DF OF 
 1 Patrik Nemeth            Tyson Barrie                                      40     1   2  2  
 2 Jonas Siegenthaler       Greg Pateryn                                      30     1   2  2  
 3 Jamie Oleksiak           Trevor Daley                                      20     1   2  2  
 4 Patrik Nemeth            Tyson Barrie                                      10     1   2  2  

PowerPlay Forward 
   Center                   Left Wing                Right Wing               Time % Phy DF OF 
 1 Vincent Trocheck         Mats Zuccarello          Nikita Gusev             60     1   2  2  
 2 Travis Zajac             Marcus Foligno           Josh Archibald           40     1   2  2  

PowerPlay Defense
   Defense                  Defense                                           Time % Phy DF OF 
 1 Patrik Nemeth            Tyson Barrie                                      60     1   2  2  
 2 Jonas Siegenthaler       Greg Pateryn                                      40     1   2  2  

Penalty Kill 4 Players Forward 
   Center                   Wing                     Time % Phy DF OF 
 1 Vincent Trocheck         Travis Zajac             60     1   2  2  
 2 Mats Zuccarello          Marcus Foligno           40     1   2  2  

Penalty Kill 4 Players Defense
   Defense                  Defense                  Time % Phy DF OF 
 1 Patrik Nemeth            Tyson Barrie             60     1   2  2  
 2 Jonas Siegenthaler       Greg Pateryn             40     1   2  2  

Penalty Kill - 3 Players Forward 
   Forward                                           Time % Phy DF OF 
 1 Vincent Trocheck                                  60     1   2  2  
 2 Travis Zajac                                      40     1   2  2  

Penalty Kill - 3 Players Defense
   Defense                  Defense                  Time % Phy DF OF 
 1 Patrik Nemeth            Tyson Barrie             60     1   2  2  
 2 Jonas Siegenthaler       Greg Pateryn             40     1   2  2  

4 vs 4 Forward 
   Center                   Wing                     Time % Phy DF OF 
 1 Vincent Trocheck         Travis Zajac             60     1   2  2  
 2 Mats Zuccarello          Marcus Foligno           40     1   2  2  

4 vs 4 Defense
   Defense                  Defense                  Time % Phy DF OF 
 1 Patrik Nemeth            Tyson Barrie             60     1   2  2  
 2 Jonas Siegenthaler       Greg Pateryn             40     1   2  2  

Last Minutes Offensive
   Center                   Left Wing                Right Wing               Defense                  Defense                  
   Vincent Trocheck         Mats Zuccarello          Nikita Gusev             Patrik Nemeth            Tyson Barrie             

Last Minutes Defensive
   Center                   Left Wing                Right Wing               Defense                  Defense                  
   Vincent Trocheck         Mats Zuccarello          Nikita Gusev             Patrik Nemeth            Tyson Barrie             

Goaltenders
Starting : Pekka Rinne              
Backup : Antti Raanta             

Extra Forwards
Normal : Aleksi Saarela, Matt Moulson, Josh Norris - PP : Aleksi Saarela, Matt Moulson - PK : Josh Norris
Extra Defensemen
Normal : Jamie Oleksiak, Trevor Daley, Jonas Siegenthaler - PP : Jamie Oleksiak - PK : Trevor Daley, Jonas Siegenthaler
Penalty Shots
Vincent Trocheck, Travis Zajac, Mats Zuccarello, Marcus Foligno, Nikita Gusev
Custom OT Lines Forwards
Vincent Trocheck, Travis Zajac, Mats Zuccarello, Marcus Foligno, Nikita Gusev, Josh Archibald, Matt Moulson, Josh Norris, Garnet Hathaway, Rocco Grimaldi
Custom OT Lines Defensemen
Patrik Nemeth, Tyson Barrie, Jonas Siegenthaler, Greg Pateryn, Jamie Oleksiak

Scratches
Nathan Beaulieu (Strained Right Elbow Injury), Taylor Hall (Healthy), Aaron Dell (Healthy), Marcus Hogberg (Healthy)

Bruins

5 vs 5 Forward 
   Center                   Left Wing                Right Wing               Time % Phy DF OF 
 1 Sean Monahan             Brady Tkachuk            Anthony Mantha           35     0   3  2  
 2 Paul Stastny             Anthony Beauvillier      Ryan Johansen            30     0   2  3  
 3 Casey Cizikas            Lawson Crouse            Ilya Mikheyev            20     0   2  3  
 4 Luke Glendening          Pat Maroon               Nolan Patrick            15     0   3  2  

5 vs 5 Defense 
   Defense                  Defense                                           Time % Phy DF OF 
 1 Seth Jones               Cam Fowler                                        38     1   2  2  
 2 Jakob Chychrun           Connor Murphy                                     31     1   2  2  
 3 Joel Edmundson           Ethan Bear                                        31     0   2  2  
 4 Seth Jones               Connor Murphy                                     0      1   2  2  

PowerPlay Forward 
   Center                   Left Wing                Right Wing               Time % Phy DF OF 
 1 Sean Monahan             Anthony Mantha           Ryan Johansen            55     0   0  5  
 2 Paul Stastny             Brady Tkachuk            Anthony Beauvillier      45     1   0  4  

PowerPlay Defense
   Defense                  Defense                                           Time % Phy DF OF 
 1 Cam Fowler               Jakob Chychrun                                    50     0   0  5  
 2 Seth Jones               Ethan Bear                                        50     0   2  3  

Penalty Kill 4 Players Forward 
   Center                   Wing                     Time % Phy DF OF 
 1 Luke Glendening          Ilya Mikheyev            60     0   4  1  
 2 Casey Cizikas            Lawson Crouse            40     0   4  1  

Penalty Kill 4 Players Defense
   Defense                  Defense                  Time % Phy DF OF 
 1 Seth Jones               Connor Murphy            60     0   4  1  
 2 Ethan Bear               Joel Edmundson           40     0   4  1  

Penalty Kill - 3 Players Forward 
   Forward                                           Time % Phy DF OF 
 1 Luke Glendening                                   50     0   5  0  
 2 Casey Cizikas                                     50     0   5  0  

Penalty Kill - 3 Players Defense
   Defense                  Defense                  Time % Phy DF OF 
 1 Seth Jones               Connor Murphy            50     0   5  0  
 2 Ethan Bear               Joel Edmundson           50     0   5  0  

4 vs 4 Forward 
   Center                   Wing                     Time % Phy DF OF 
 1 Sean Monahan             Anthony Mantha           60     1   2  2  
 2 Ryan Johansen            Ilya Mikheyev            40     1   2  2  

4 vs 4 Defense
   Defense                  Defense                  Time % Phy DF OF 
 1 Seth Jones               Connor Murphy            60     1   2  2  
 2 Jakob Chychrun           Cam Fowler               40     1   2  2  

Last Minutes Offensive
   Center                   Left Wing                Right Wing               Defense                  Defense                  
   Sean Monahan             Anthony Mantha           Ryan Johansen            Seth Jones               Cam Fowler               

Last Minutes Defensive
   Center                   Left Wing                Right Wing               Defense                  Defense                  
   Sean Monahan             Anthony Mantha           Ryan Johansen            Seth Jones               Connor Murphy            

Goaltenders
Starting : Juuse Saros              
Backup : Jordan Binnington        

Extra Forwards
Normal : Nolan Patrick, Lawson Crouse, Casey Cizikas - PP : Nolan Patrick, Ilya Mikheyev - PK : Paul Stastny
Extra Defensemen
Normal : Joel Edmundson, Ethan Bear, Jakob Chychrun - PP : Joel Edmundson - PK : Jakob Chychrun, Cam Fowler
Penalty Shots
Sean Monahan, Anthony Mantha, Brady Tkachuk, Ryan Johansen, Anthony Beauvillier
Custom OT Lines Forwards
Sean Monahan, Anthony Mantha, Brady Tkachuk, Ryan Johansen, Anthony Beauvillier, Paul Stastny, Lawson Crouse, Casey Cizikas, Luke Glendening, Ilya Mikheyev
Custom OT Lines Defensemen
Seth Jones, Connor Murphy, Jakob Chychrun, Cam Fowler, Joel Edmundson

Scratches
Maxime Comtois (Healthy), Jarred Tinordi (Healthy), Cam Talbot (Healthy)

% Time on Ice - Panthers

Lines # - Real PCT - Wanted PCT - Time Play
Normal Forward
1 - 30% - 40% - 18:12
2 - 33% - 30% - 19:36
3 - 26% - 20% - 15:36
4 - 11% - 10% - 6:32
Normal Defense
1 - 37% - 40% - 22:19
2 - 32% - 30% - 19:14
3 - 23% - 20% - 13:41
4 - 8% - 10% - 4:42
PP Forward
1 - 0% - 60%
2 - 0% - 40%
PP Defense
1 - 0% - 60%
2 - 0% - 40%
PK Forward
1 - 100% - 60% - 0:04
2 - 0% - 40% - 0:00
PK Defense
1 - 100% - 60% - 0:04
2 - 0% - 40% - 0:00
PK3 Forward
1 - 0% - 60%
2 - 0% - 40%
PK3 Defense
1 - 0% - 60%
2 - 0% - 40%
44 Forward
1 - 0% - 60%
2 - 0% - 40%
44 Defense
1 - 0% - 60%
2 - 0% - 40%
Last Minute Offensive  - 0:00
Last Minute Defensive  - 0:00
Total
Forward - 60:00
Defense - 60:00

% Time on Ice - Bruins

Lines # - Real PCT - Wanted PCT - Time Play
Normal Forward
1 - 33% - 35% - 19:57
2 - 29% - 30% - 17:31
3 - 21% - 20% - 12:31
4 - 17% - 15% - 9:57
Normal Defense
1 - 38% - 38% - 22:32
2 - 31% - 31% - 18:18
3 - 31% - 31% - 18:29
4 - 1% - 0% - 0:37
PP Forward
1 - 100% - 55% - 0:04
2 - 0% - 45% - 0:00
PP Defense
1 - 0% - 50% - 0:00
2 - 100% - 50% - 0:04
PK Forward
1 - 0% - 60%
2 - 0% - 40%
PK Defense
1 - 0% - 60%
2 - 0% - 40%
PK3 Forward
1 - 0% - 50%
2 - 0% - 50%
PK3 Defense
1 - 0% - 50%
2 - 0% - 50%
44 Forward
1 - 0% - 60%
2 - 0% - 40%
44 Defense
1 - 0% - 60%
2 - 0% - 40%
Last Minute Offensive  - 0:00
Last Minute Defensive  - 0:00
Total
Forward - 60:00
Defense - 60:00

Play-by-Play

1st period


0:01 of 1st period - Sean Monahan wins face-off versus Vincent Trocheck in neutral zone.
0:06 of 1st period - Wrist shot by Brady Tkachuk.
0:06 of 1st period - Shot Misses the Net.
0:08 of 1st period - Slapshot by Seth Jones.
0:08 of 1st period - Shot Blocked by Patrik Nemeth.
0:12 of 1st period - Snap shot by Sean Monahan.
0:12 of 1st period - Stopped by Pekka Rinne with a rebound.
0:16 of 1st period - Snap shot by Anthony Mantha.
0:16 of 1st period - Shot Misses the Net.
0:57 of 1st period - Wrist shot by Josh Norris.
0:57 of 1st period - Stopped by Juuse Saros without a rebound.
0:58 of 1st period - Casey Cizikas wins face-off versus Rocco Grimaldi in Bruins zone.
1:05 of 1st period - Snap shot by Lawson Crouse.
1:05 of 1st period - Stopped by Pekka Rinne without a rebound.
1:06 of 1st period - Casey Cizikas wins face-off versus Rocco Grimaldi in Panthers zone.
1:09 of 1st period - Backhand shot by Ilya Mikheyev.
1:09 of 1st period - Shot Blocked by Vincent Trocheck.
2:01 of 1st period - Snap shot by Vincent Trocheck.
2:01 of 1st period - Stopped by Juuse Saros without a rebound.
2:02 of 1st period - Sean Monahan wins face-off versus Travis Zajac in Bruins zone.
2:29 of 1st period - Luke Glendening is hit by Josh Norris and loses puck.
3:07 of 1st period - Snap shot by Anthony Mantha.
3:07 of 1st period - Shot Misses the Net.
3:25 of 1st period - Snap shot by Paul Stastny.
3:25 of 1st period - Shot Blocked by Garnet Hathaway.
3:27 of 1st period - Snap shot by Pat Maroon.
3:27 of 1st period - Deflect By Nolan Patrick.
3:27 of 1st period - Shot Blocked by Josh Norris.
3:27 of 1st period - Puck is out of play.
3:28 of 1st period - Josh Norris wins face-off versus Luke Glendening in Panthers zone.
5:21 of 1st period - Icing by Jonas Siegenthaler.
5:22 of 1st period - Paul Stastny wins face-off versus Josh Norris in Panthers zone.
5:47 of 1st period - Greg Pateryn is hit by Luke Glendening and loses puck.
6:02 of 1st period - Slapshot by Josh Norris.
6:02 of 1st period - Stopped by Juuse Saros without a rebound.
6:03 of 1st period - Vincent Trocheck wins face-off versus Anthony Mantha in Bruins zone.
6:27 of 1st period - Icing by Patrik Nemeth.
6:28 of 1st period - Travis Zajac wins face-off versus Paul Stastny in Panthers zone.
7:00 of 1st period - Slapshot by Marcus Foligno.
7:00 of 1st period - Stopped by Juuse Saros with a rebound.
7:02 of 1st period - Snap shot by Marcus Foligno.
7:02 of 1st period - Stopped by Juuse Saros with a rebound.
7:04 of 1st period - Slapshot by Greg Pateryn.
7:04 of 1st period - Stopped by Juuse Saros with a rebound.
8:15 of 1st period - Snap shot by Sean Monahan.
8:15 of 1st period - Deflect By Mats Zuccarello.
8:15 of 1st period - Shot Misses the Net.
8:15 of 1st period - Puck is out of play.
8:16 of 1st period - Travis Zajac wins face-off versus Paul Stastny in Panthers zone.
8:30 of 1st period - Wrist shot by Paul Stastny.
8:30 of 1st period - Shot Misses the Net.
8:32 of 1st period - Slapshot by Cam Fowler.
8:32 of 1st period - Shot Blocked by Josh Archibald.
9:27 of 1st period - Snap shot by Nolan Patrick.
9:27 of 1st period - Shot Misses the Net.
9:29 of 1st period - Slapshot by Luke Glendening.
9:29 of 1st period - Stopped by Pekka Rinne with a rebound.
9:59 of 1st period - Wrist shot by Brady Tkachuk.
9:59 of 1st period - Stopped by Pekka Rinne with a rebound.
10:01 of 1st period - Slapshot by Connor Murphy.
10:01 of 1st period - Deflect By Brady Tkachuk.
10:01 of 1st period - Stopped by Pekka Rinne without a rebound.
10:02 of 1st period - Vincent Trocheck wins face-off versus Sean Monahan in Panthers zone.
10:20 of 1st period - Anthony Mantha is hit by Vincent Trocheck and loses puck.
10:27 of 1st period - Mats Zuccarello is hit by Anthony Mantha and loses puck.
10:42 of 1st period - Anthony Mantha is hit by Vincent Trocheck and loses puck.
10:49 of 1st period - Jamie Oleksiak is hit by Seth Jones and loses puck.
11:08 of 1st period - Snap shot by Mats Zuccarello.
11:08 of 1st period - Stopped by Juuse Saros with a rebound.
11:18 of 1st period - Snap shot by Brady Tkachuk.
11:18 of 1st period - Stopped by Pekka Rinne with a rebound.
11:20 of 1st period - Backhand shot by Seth Jones.
11:20 of 1st period - Shot Blocked by Jamie Oleksiak.
11:26 of 1st period - Snap shot by Anthony Mantha.
11:26 of 1st period - Shot Blocked by Jamie Oleksiak.
11:30 of 1st period - Wrist shot by Anthony Mantha.
11:30 of 1st period - Stopped by Pekka Rinne with a rebound.
11:32 of 1st period - Slapshot by Cam Fowler.
11:32 of 1st period - Shot Misses the Net.
11:34 of 1st period - Snap shot by Seth Jones.
11:34 of 1st period - Shot Hit the Post.
12:38 of 1st period - Backhand shot by Sean Monahan.
12:38 of 1st period - Stopped by Pekka Rinne with a rebound.
12:57 of 1st period - Off-side.
12:58 of 1st period - Paul Stastny wins face-off versus Travis Zajac in neutral zone.
13:13 of 1st period - Slapshot by Marcus Foligno.
13:13 of 1st period - Shot Blocked by Paul Stastny.
13:25 of 1st period - Garnet Hathaway is hit by Lawson Crouse and loses puck.
13:36 of 1st period - Snap shot by Lawson Crouse.
13:36 of 1st period - Stopped by Pekka Rinne with a rebound.
14:04 of 1st period - Greg Pateryn is hit by Paul Stastny and loses puck.
16:45 of 1st period - Anthony Beauvillier is hit by Marcus Foligno and loses puck.
18:22 of 1st period - Jacob de La Rose is hit by Joel Edmundson.
19:28 of 1st period - Ethan Bear is hit by Trevor Daley.
19:38 of 1st period - Josh Archibald is hit by Anthony Mantha and loses puck.
Goals for this period are 0 for Panthers vs 0 for Bruins.
Shots for this period are 7 for Panthers vs 9 for Bruins.

2nd period


0:01 of 2nd period - Vincent Trocheck wins face-off versus Sean Monahan in neutral zone.
0:04 of 2nd period - Slapshot by Mats Zuccarello.
0:04 of 2nd period - Stopped by Juuse Saros with a rebound.
0:06 of 2nd period - Snap shot by Mats Zuccarello.
0:06 of 2nd period - Deflect By Brady Tkachuk.
0:06 of 2nd period - Shot Hit the Post.
0:06 of 2nd period - Puck is out of play.
0:07 of 2nd period - Sean Monahan wins face-off versus Vincent Trocheck in Bruins zone.
0:34 of 2nd period - Wrist shot by Ryan Johansen.
0:34 of 2nd period - Stopped by Pekka Rinne with a rebound.
0:54 of 2nd period - Vincent Trocheck is hit by Lawson Crouse and loses puck.
0:59 of 2nd period - Wrist shot by Ilya Mikheyev.
0:59 of 2nd period - Shot Hit the Post.
1:01 of 2nd period - Slapshot by Lawson Crouse.
1:01 of 2nd period - Stopped by Pekka Rinne with a rebound.
1:03 of 2nd period - Slapshot by Casey Cizikas.
1:03 of 2nd period - Stopped by Pekka Rinne with a rebound.
1:05 of 2nd period - Wrist shot by Lawson Crouse.
1:05 of 2nd period - Stopped by Pekka Rinne with a rebound.
1:21 of 2nd period - Wrist shot by Vincent Trocheck.
1:21 of 2nd period - Stopped by Juuse Saros without a rebound.
1:22 of 2nd period - Luke Glendening wins face-off versus Travis Zajac in Bruins zone.
1:22 of 2nd period - Luke Glendening is hit by Travis Zajac.
1:30 of 2nd period - Pat Maroon is hit by Josh Archibald and loses puck.
2:14 of 2nd period - Paul Stastny is hit by Mats Zuccarello and loses puck.
3:15 of 2nd period - Garnet Hathaway is hit by Paul Stastny.
3:36 of 2nd period - Icing by Anthony Mantha.
3:37 of 2nd period - Sean Monahan wins face-off versus Vincent Trocheck in Bruins zone.
3:43 of 2nd period - Icing by Joel Edmundson.
3:44 of 2nd period - Sean Monahan wins face-off versus Travis Zajac in Bruins zone.
3:44 of 2nd period - Sean Monahan is hit by Josh Archibald.
4:02 of 2nd period - Travis Zajac is hit by Sean Monahan and loses puck.
4:26 of 2nd period - Snap shot by Sean Monahan.
4:26 of 2nd period - Deflect By Brady Tkachuk.
4:26 of 2nd period - Shot Misses the Net.
4:26 of 2nd period - Puck is out of play.
4:27 of 2nd period - Paul Stastny wins face-off versus Vincent Trocheck in Panthers zone.
5:43 of 2nd period - Wrist shot by Brady Tkachuk.
5:43 of 2nd period - Stopped by Pekka Rinne with a rebound.
6:13 of 2nd period - Minor Penalty to Marcus Foligno for Cross-checking.
6:14 of 2nd period - Sean Monahan wins face-off versus Vincent Trocheck in Panthers zone.
6:15 of 2nd period - Snap shot by Anthony Mantha.
6:15 of 2nd period - Shot Misses the Net.
6:17 of 2nd period - Wrist shot by Sean Monahan.
6:17 of 2nd period - Goal by Sean Monahan - Panthers : 0 - Bruins : 1.
6:18 of 2nd period - Vincent Trocheck wins face-off versus Sean Monahan in neutral zone.
6:21 of 2nd period - Sean Monahan is hit by Patrik Nemeth and loses puck.
6:54 of 2nd period - Snap shot by Josh Archibald.
6:54 of 2nd period - Stopped by Juuse Saros with a rebound.
7:31 of 2nd period - Wrist shot by Lawson Crouse.
7:31 of 2nd period - Shot Blocked by Jonas Siegenthaler.
7:33 of 2nd period - Wrist shot by Lawson Crouse.
7:33 of 2nd period - Stopped by Pekka Rinne with a rebound.
7:35 of 2nd period - Slapshot by Lawson Crouse.
7:35 of 2nd period - Deflect By Ilya Mikheyev.
7:35 of 2nd period - Shot Misses the Net.
7:35 of 2nd period - Puck is out of play.
7:36 of 2nd period - Sean Monahan wins face-off versus Marcus Foligno in Panthers zone.
8:02 of 2nd period - Vincent Trocheck is hit by Connor Murphy and loses puck.
9:21 of 2nd period - Snap shot by Ryan Johansen.
9:21 of 2nd period - Goal by Ryan Johansen - Panthers : 0 - Bruins : 2.
9:22 of 2nd period - Sean Monahan wins face-off versus Vincent Trocheck in neutral zone.
9:29 of 2nd period - Wrist shot by Sean Monahan.
9:29 of 2nd period - Stopped by Pekka Rinne with a rebound.
9:32 of 2nd period - Icing by Mats Zuccarello.
9:33 of 2nd period - Vincent Trocheck wins face-off versus Paul Stastny in Panthers zone.
9:42 of 2nd period - Snap shot by Nikita Gusev.
9:42 of 2nd period - Shot Hit the Post.
9:44 of 2nd period - Wrist shot by Greg Pateryn.
9:44 of 2nd period - Deflect By Nikita Gusev.
9:44 of 2nd period - Stopped by Juuse Saros without a rebound.
9:45 of 2nd period - Vincent Trocheck wins face-off versus Brady Tkachuk in Bruins zone.
9:46 of 2nd period - Snap shot by Mats Zuccarello.
9:46 of 2nd period - Shot Hit the Post.
9:48 of 2nd period - Slapshot by Tyson Barrie.
9:48 of 2nd period - Shot Blocked by Cam Fowler.
9:50 of 2nd period - Slapshot by Tyson Barrie.
9:50 of 2nd period - Deflect By Mats Zuccarello.
9:50 of 2nd period - Shot Misses the Net.
9:50 of 2nd period - Puck is out of play.
9:51 of 2nd period - Vincent Trocheck wins face-off versus Sean Monahan in Bruins zone.
10:59 of 2nd period - Icing by Vincent Trocheck.
11:00 of 2nd period - Sean Monahan wins face-off versus Rocco Grimaldi in Panthers zone.
11:52 of 2nd period - Icing by Ilya Mikheyev.
11:53 of 2nd period - Vincent Trocheck wins face-off versus Casey Cizikas in Bruins zone.
12:02 of 2nd period - Ethan Bear is hit by Mats Zuccarello and loses puck.
12:09 of 2nd period - Slapshot by Joel Edmundson.
12:09 of 2nd period - Shot Blocked by Nikita Gusev.
12:14 of 2nd period - Icing by Patrik Nemeth.
12:15 of 2nd period - Vincent Trocheck wins face-off versus Paul Stastny in Panthers zone.
13:13 of 2nd period - Wrist shot by Lawson Crouse.
13:13 of 2nd period - Stopped by Pekka Rinne without a rebound.
13:14 of 2nd period - Vincent Trocheck wins face-off versus Paul Stastny in Panthers zone.
13:25 of 2nd period - Snap shot by Vincent Trocheck.
13:25 of 2nd period - Stopped by Juuse Saros with a rebound.
13:27 of 2nd period - Wrist shot by Tyson Barrie.
13:27 of 2nd period - Stopped by Juuse Saros with a rebound.
13:29 of 2nd period - Slapshot by Tyson Barrie.
13:29 of 2nd period - Stopped by Juuse Saros with a rebound.
13:39 of 2nd period - Anthony Mantha is hit by Matt Moulson and loses puck.
14:49 of 2nd period - Cam Fowler is hit by Garnet Hathaway and loses puck.
15:12 of 2nd period - Slapshot by Anthony Mantha.
15:12 of 2nd period - Shot Blocked by Travis Zajac.
15:24 of 2nd period - Travis Zajac is hit by Joel Edmundson and loses puck.
15:31 of 2nd period - Wrist shot by Pat Maroon.
15:31 of 2nd period - Stopped by Pekka Rinne without a rebound.
15:32 of 2nd period - Paul Stastny wins face-off versus Josh Norris in Panthers zone.
15:35 of 2nd period - Snap shot by Anthony Beauvillier.
15:35 of 2nd period - Shot Misses the Net.
15:37 of 2nd period - Snap shot by Ryan Johansen.
15:37 of 2nd period - Stopped by Pekka Rinne with a rebound.
15:39 of 2nd period - Wrist shot by Paul Stastny.
15:39 of 2nd period - Stopped by Pekka Rinne with a rebound.
15:41 of 2nd period - Slapshot by Jakob Chychrun.
15:41 of 2nd period - Stopped by Pekka Rinne without a rebound.
15:42 of 2nd period - Josh Norris wins face-off versus Paul Stastny in Panthers zone.
16:01 of 2nd period - Snap shot by Paul Stastny.
16:01 of 2nd period - Shot Misses the Net.
17:09 of 2nd period - Slapshot by Anthony Beauvillier.
17:09 of 2nd period - Shot Misses the Net.
17:27 of 2nd period - Slapshot by Garnet Hathaway.
17:27 of 2nd period - Shot Misses the Net.
17:45 of 2nd period - Snap shot by Anthony Beauvillier.
17:45 of 2nd period - Stopped by Pekka Rinne with a rebound.
17:47 of 2nd period - Wrist shot by Paul Stastny.
17:47 of 2nd period - Shot Misses the Net.
17:51 of 2nd period - Snap shot by Anthony Beauvillier.
17:51 of 2nd period - Shot Blocked by Jonas Siegenthaler.
17:53 of 2nd period - Slapshot by Jakob Chychrun.
17:53 of 2nd period - Shot Blocked by Jonas Siegenthaler.
17:59 of 2nd period - Snap shot by Paul Stastny.
17:59 of 2nd period - Shot Misses the Net.
18:01 of 2nd period - Snap shot by Paul Stastny.
18:01 of 2nd period - Stopped by Pekka Rinne without a rebound.
18:02 of 2nd period - Sean Monahan wins face-off versus Vincent Trocheck in Panthers zone.
18:11 of 2nd period - Slapshot by Brady Tkachuk.
18:11 of 2nd period - Shot Misses the Net.
18:27 of 2nd period - Ilya Mikheyev is hit by Marcus Foligno and loses puck.
19:16 of 2nd period - Icing by Nolan Patrick.
19:17 of 2nd period - Vincent Trocheck wins face-off versus Sean Monahan in Bruins zone.
19:18 of 2nd period - Snap shot by Nikita Gusev.
19:18 of 2nd period - Shot Misses the Net.
19:20 of 2nd period - Slapshot by Jamie Oleksiak.
19:20 of 2nd period - Stopped by Juuse Saros with a rebound.
19:40 of 2nd period - Slapshot by Seth Jones.
19:40 of 2nd period - Shot Misses the Net.
19:42 of 2nd period - Snap shot by Cam Fowler.
19:42 of 2nd period - Shot Blocked by Travis Zajac.
19:44 of 2nd period - Snap shot by Nolan Patrick.
19:44 of 2nd period - Shot Misses the Net.
19:46 of 2nd period - Backhand shot by Nolan Patrick.
19:46 of 2nd period - Stopped by Pekka Rinne with a rebound.
19:56 of 2nd period - Snap shot by Rocco Grimaldi.
19:56 of 2nd period - Stopped by Juuse Saros with a rebound.
Goals for this period are 0 for Panthers vs 2 for Bruins.
Shots for this period are 9 for Panthers vs 17 for Bruins.

3rd period


0:01 of 3rd period - Brady Tkachuk wins face-off versus Vincent Trocheck in neutral zone.
0:04 of 3rd period - Slapshot by Seth Jones.
0:04 of 3rd period - Stopped by Pekka Rinne without a rebound.
0:05 of 3rd period - Vincent Trocheck wins face-off versus Sean Monahan in Panthers zone.
0:12 of 3rd period - Slapshot by Vincent Trocheck.
0:12 of 3rd period - Stopped by Juuse Saros without a rebound.
0:13 of 3rd period - Sean Monahan wins face-off versus Vincent Trocheck in Bruins zone.
0:13 of 3rd period - Sean Monahan is hit by Mats Zuccarello.
0:43 of 3rd period - Wrist shot by Travis Zajac.
0:43 of 3rd period - Stopped by Juuse Saros without a rebound.
0:44 of 3rd period - Paul Stastny wins face-off versus Travis Zajac in Bruins zone.
0:44 of 3rd period - Paul Stastny is hit by Marcus Foligno.
1:00 of 3rd period - Slapshot by Joel Edmundson.
1:00 of 3rd period - Deflect By Paul Stastny.
1:00 of 3rd period - Shot Blocked by Jonas Siegenthaler.
1:00 of 3rd period - Puck is out of play.
1:01 of 3rd period - Sean Monahan wins face-off versus Vincent Trocheck in Panthers zone.
1:13 of 3rd period - Off-side.
1:14 of 3rd period - Sean Monahan wins face-off versus Vincent Trocheck in neutral zone.
1:39 of 3rd period - Marcus Foligno is hit by Joel Edmundson and loses puck.
2:01 of 3rd period - Patrik Nemeth is hit by Lawson Crouse and loses puck.
2:08 of 3rd period - Jacob de La Rose is hit by Casey Cizikas.
2:34 of 3rd period - Snap shot by Nolan Patrick.
2:34 of 3rd period - Shot Blocked by Greg Pateryn.
2:48 of 3rd period - Wrist shot by Brady Tkachuk.
2:48 of 3rd period - Shot Misses the Net.
2:50 of 3rd period - Snap shot by Sean Monahan.
2:50 of 3rd period - Stopped by Pekka Rinne with a rebound.
2:52 of 3rd period - Slapshot by Brady Tkachuk.
2:52 of 3rd period - Stopped by Pekka Rinne with a rebound.
2:54 of 3rd period - Backhand shot by Anthony Mantha.
2:54 of 3rd period - Shot Blocked by Greg Pateryn.
3:04 of 3rd period - Josh Archibald is hit by Joel Edmundson.
3:21 of 3rd period - Slapshot by Ilya Mikheyev.
3:21 of 3rd period - Stopped by Pekka Rinne without a rebound.
3:22 of 3rd period - Sean Monahan wins face-off versus Vincent Trocheck in Panthers zone.
3:41 of 3rd period - Wrist shot by Garnet Hathaway.
3:41 of 3rd period - Shot Misses the Net.
4:46 of 3rd period - Slapshot by Jakob Chychrun.
4:46 of 3rd period - Stopped by Pekka Rinne without a rebound.
4:47 of 3rd period - Luke Glendening wins face-off versus Vincent Trocheck in Panthers zone.
4:52 of 3rd period - Slapshot by Pat Maroon.
4:52 of 3rd period - Shot Misses the Net.
4:54 of 3rd period - Slapshot by Nolan Patrick.
4:54 of 3rd period - Stopped by Pekka Rinne with a rebound.
5:16 of 3rd period - Off-side.
5:17 of 3rd period - Nikita Gusev wins face-off versus Brady Tkachuk in neutral zone.
5:42 of 3rd period - Marcus Foligno is hit by Anthony Beauvillier and loses puck.
6:09 of 3rd period - Snap shot by Luke Glendening.
6:09 of 3rd period - Shot Blocked by Travis Zajac.
6:31 of 3rd period - Backhand shot by Tyson Barrie.
6:31 of 3rd period - Shot Misses the Net.
6:49 of 3rd period - Matt Moulson is hit by Brady Tkachuk and loses puck.
7:14 of 3rd period - Snap shot by Rocco Grimaldi.
7:14 of 3rd period - Stopped by Juuse Saros with a rebound.
7:44 of 3rd period - Snap shot by Anthony Beauvillier.
7:44 of 3rd period - Goal by Anthony Beauvillier - Panthers : 0 - Bruins : 3.
7:45 of 3rd period - Paul Stastny wins face-off versus Vincent Trocheck in neutral zone.
8:10 of 3rd period - Seth Jones is hit by Patrik Nemeth and loses puck.
8:19 of 3rd period - Snap shot by Marcus Foligno.
8:19 of 3rd period - Shot Misses the Net.
8:52 of 3rd period - Off-side.
8:53 of 3rd period - Vincent Trocheck wins face-off versus Pat Maroon in neutral zone.
8:58 of 3rd period - Snap shot by Mats Zuccarello.
8:58 of 3rd period - Shot Blocked by Ethan Bear.
9:27 of 3rd period - Snap shot by Nikita Gusev.
9:27 of 3rd period - Deflect By Ethan Bear.
9:27 of 3rd period - Shot Blocked by Ethan Bear.
9:27 of 3rd period - Puck is out of play.
9:28 of 3rd period - Travis Zajac wins face-off versus Sean Monahan in Bruins zone.
9:29 of 3rd period - Snap shot by Josh Archibald.
9:29 of 3rd period - Deflect By Sean Monahan.
9:29 of 3rd period - Stopped by Juuse Saros with a rebound.
10:33 of 3rd period - Slapshot by Tyson Barrie.
10:33 of 3rd period - Shot Misses the Net.
10:35 of 3rd period - Snap shot by Josh Archibald.
10:35 of 3rd period - Deflect By Travis Zajac.
10:35 of 3rd period - Shot Blocked by Luke Glendening.
10:35 of 3rd period - Puck is out of play.
10:36 of 3rd period - Luke Glendening wins face-off versus Travis Zajac in Bruins zone.
10:43 of 3rd period - Slapshot by Tyson Barrie.
10:43 of 3rd period - Deflect By Nolan Patrick.
10:43 of 3rd period - Stopped by Juuse Saros with a rebound.
10:45 of 3rd period - Wrist shot by Patrik Nemeth.
10:45 of 3rd period - Stopped by Juuse Saros without a rebound.
10:46 of 3rd period - Vincent Trocheck wins face-off versus Sean Monahan in Bruins zone.
10:53 of 3rd period - Snap shot by Mats Zuccarello.
10:53 of 3rd period - Deflect By Nikita Gusev.
10:53 of 3rd period - Stopped by Juuse Saros with a rebound.
10:55 of 3rd period - Snap shot by Nikita Gusev.
10:55 of 3rd period - Shot Misses the Net.
10:57 of 3rd period - Snap shot by Patrik Nemeth.
10:57 of 3rd period - Shot Blocked by Cam Fowler.
10:59 of 3rd period - Slapshot by Tyson Barrie.
10:59 of 3rd period - Shot Misses the Net.
11:01 of 3rd period - Slapshot by Tyson Barrie.
11:01 of 3rd period - Deflect By Nikita Gusev.
11:01 of 3rd period - Shot Blocked by Anthony Mantha.
11:01 of 3rd period - Puck is out of play.
11:02 of 3rd period - Paul Stastny wins face-off versus Travis Zajac in Bruins zone.
11:02 of 3rd period - Seth Jones is hit by Marcus Foligno and loses puck.
11:12 of 3rd period - Cam Fowler is hit by Travis Zajac and loses puck.
11:41 of 3rd period - Off-side.
11:42 of 3rd period - Josh Norris wins face-off versus Casey Cizikas in neutral zone.
12:12 of 3rd period - Wrist shot by Greg Pateryn.
12:12 of 3rd period - Shot Misses the Net.
12:16 of 3rd period - Snap shot by Nikita Gusev.
12:16 of 3rd period - Stopped by Juuse Saros with a rebound.
12:18 of 3rd period - Wrist shot by Mats Zuccarello.
12:18 of 3rd period - Stopped by Juuse Saros with a rebound.
12:20 of 3rd period - Slapshot by Trevor Daley.
12:20 of 3rd period - Shot Blocked by Jakob Chychrun.
12:22 of 3rd period - Wrist shot by Vincent Trocheck.
12:22 of 3rd period - Deflect By Mats Zuccarello.
12:22 of 3rd period - Shot Misses the Net.
12:22 of 3rd period - Puck is out of play.
12:23 of 3rd period - Vincent Trocheck wins face-off versus Paul Stastny in Bruins zone.
12:24 of 3rd period - Snap shot by Nikita Gusev.
12:24 of 3rd period - Shot Hit the Post.
12:28 of 3rd period - Snap shot by Nikita Gusev.
12:28 of 3rd period - Shot Blocked by Ethan Bear.
12:48 of 3rd period - Travis Zajac is hit by Anthony Mantha and loses puck.
13:34 of 3rd period - Slapshot by Casey Cizikas.
13:34 of 3rd period - Shot Blocked by Jonas Siegenthaler.
13:36 of 3rd period - Slapshot by Joel Edmundson.
13:36 of 3rd period - Shot Misses the Net.
13:38 of 3rd period - Snap shot by Casey Cizikas.
13:38 of 3rd period - Stopped by Pekka Rinne with a rebound.
13:40 of 3rd period - Wrist shot by Ilya Mikheyev.
13:40 of 3rd period - Shot Misses the Net.
13:42 of 3rd period - Wrist shot by Casey Cizikas.
13:42 of 3rd period - Stopped by Pekka Rinne without a rebound.
13:43 of 3rd period - Travis Zajac wins face-off versus Sean Monahan in Panthers zone.
13:58 of 3rd period - Tyson Barrie is hit by Brady Tkachuk.
14:08 of 3rd period - Ryan Johansen is hit by Matt Moulson and loses puck.
14:27 of 3rd period - Icing by Josh Norris.
14:28 of 3rd period - Luke Glendening wins face-off versus Vincent Trocheck in Panthers zone.
15:16 of 3rd period - Anthony Beauvillier is hit by Matt Moulson and loses puck.
15:25 of 3rd period - Wrist shot by Josh Norris.
15:25 of 3rd period - Shot Misses the Net.
15:27 of 3rd period - Slapshot by Matt Moulson.
15:27 of 3rd period - Stopped by Juuse Saros with a rebound.
16:30 of 3rd period - Anthony Mantha is hit by Tyson Barrie and loses puck.
17:13 of 3rd period - Wrist shot by Anthony Beauvillier.
17:13 of 3rd period - Stopped by Pekka Rinne without a rebound.
17:14 of 3rd period - Paul Stastny wins face-off versus Travis Zajac in Panthers zone.
17:23 of 3rd period - Wrist shot by Ryan Johansen.
17:23 of 3rd period - Deflect By Paul Stastny.
17:23 of 3rd period - Shot Blocked by Greg Pateryn.
17:23 of 3rd period - Puck is out of play.
17:24 of 3rd period - Paul Stastny wins face-off versus Travis Zajac in Panthers zone.
17:27 of 3rd period - Wrist shot by Paul Stastny.
17:27 of 3rd period - Stopped by Pekka Rinne with a rebound.
17:39 of 3rd period - Wrist shot by Ryan Johansen.
17:39 of 3rd period - Deflect By Travis Zajac.
17:39 of 3rd period - Shot Misses the Net.
17:39 of 3rd period - Puck is out of play.
17:40 of 3rd period - Vincent Trocheck wins face-off versus Sean Monahan in Panthers zone.
17:42 of 3rd period - Icing by Mats Zuccarello.
17:43 of 3rd period - Vincent Trocheck wins face-off versus Sean Monahan in Panthers zone.
17:59 of 3rd period - Wrist shot by Nikita Gusev.
17:59 of 3rd period - Stopped by Juuse Saros without a rebound.
18:00 of 3rd period - Travis Zajac wins face-off versus Paul Stastny in Bruins zone.
18:47 of 3rd period - Greg Pateryn is hit by Casey Cizikas and loses puck.
19:38 of 3rd period - Snap shot by Vincent Trocheck.
19:38 of 3rd period - Goal by Vincent Trocheck - Panthers : 1 - Bruins : 3.
19:39 of 3rd period - Travis Zajac wins face-off versus Sean Monahan in neutral zone.
19:46 of 3rd period - Slapshot by Tyson Barrie.
19:46 of 3rd period - Shot Blocked by Sean Monahan.
19:52 of 3rd period - Tyson Barrie is hit by Seth Jones and loses puck.
Goals for this period are 1 for Panthers vs 1 for Bruins.
Shots for this period are 12 for Panthers vs 11 for Bruins.